 Dungeon Crawl Stone Soup version 0.22.1-2-g9c5b331 (webtiles) character file.

2825 Tiagovsky the Arsonist (level 9, -3/78 HPs)
             Began as a Red Draconian Fire Elementalist on Jan 2, 2019.
             Slain by a wolf (6 damage)
             ... led by Grum
             ... on level 8 of the Dungeon on Jan 3, 2019.
             The game lasted 00:56:11 (9578 turns).

Tiagovsky the Arsonist (DrFE)                       Turns: 9578, Time: 00:56:12

Health: -3/78      AC: 11    Str: 15    XL:     9   Next: 45%
Magic:  22/24      EV: 12    Int: 24    God:
Gold:   480        SH:  0    Dex: 11    Spells: 5/16 levels left

rFire    . . .     SeeInvis .   w - +6 quarterstaff (chaos)
rCold    . . .     Gourm    .   (shield currently unavailable)
rNeg     . . .     Faith    .   (armour unavailable)
rPois    .         Spirit   .   (helmet restricted)
rElec    +         Reflect  .   o - +2 cloak
rCorr    .         Harm     .   e - +0 pair of gloves
MR       .....                  (no boots)
Stlth    +++.......             z - amulet of magic regeneration
HPRegen  0.23/turn              v - ring of magical power
MPRegen  0.44/turn              C - ring of Rukesch {rElec rF- Str+4 Int+5 Stlth+}

@: very slightly contaminated, drained
A: breathe fire, unfitting armour, fire resistance 1, cold-blooded, AC +7
a: Breathe Fire


You were on level 8 of the Dungeon.
You were not hungry.

You visited 2 branches of the dungeon, and saw 9 of its levels.

You collected 480 gold pieces.

Inventory:

Hand Weapons
 d - a +0 dagger
 q - a +0 hunting sling
 w - a +6 quarterstaff of chaos (weapon)
 y - a +1 spear of flaming
Missiles
 p - 40 sling bullets
 t - 253 stones
 x - 3 tomahawks (quivered)
Armour
 e - a +0 pair of gloves (worn)
 o - a +2 cloak (worn)
Jewellery
 h - an uncursed amulet of rage
 s - an uncursed amulet of guardian spirit {unknown}
 v - a ring of magical power (left hand)
 z - an amulet of magic regeneration (around neck)
 C - the ring of Rukesch (right hand) {rElec rF- Str+4 Int+5 Stlth+}
   (You found it on level 6 of the Dungeon)

   [ring of stealth]

   It affects your strength (+4).
   It affects your intelligence (+5).
   It makes you vulnerable to fire.
   It insulates you from electricity.
   It makes you more stealthy.
 D - an uncursed ring of ice
 E - an uncursed ring of poison resistance {unknown}
Wands
 c - a wand of flame (39)
Scrolls
 j - 9 scrolls of remove curse
 u - a scroll of identify
 F - a scroll of brand weapon {unknown}
Potions
 a - 2 potions of resistance {unknown}
 f - 2 potions of degeneration {unknown}
 g - 3 potions of ambrosia
 i - 3 potions of heal wounds
 l - a potion of haste {unknown}
 m - 2 potions of mutation {unknown}
 n - 2 potions of curing {unknown}
 r - a potion of agility {unknown}
 A - a potion of brilliance {unknown}
Comestibles
 b - 19 rations


   Skills:
 + Level 6.8(6.6) Fighting
 + Level 5.7(5.5) Staves
 - Level 1.7(1.6) Dodging
 - Level 1.7(1.6) Stealth
 + Level 4.4(4.3) Spellcasting
 + Level 6.3(6.1) Conjurations
 - Level 8.0(7.8) Fire Magic


You had 5 spell levels left.
You knew the following spells:

 Your Spells              Type           Power        Failure   Level  Hunger
a - Flame Tongue          Conj/Fire      #####        1%          1    None
b - Throw Flame           Conj/Fire      #####.       1%          2    None
c - Conjure Flame         Conj/Fire      #####...     1%          3    ##.....
d - Fireball              Conj/Fire      #####.....   14%         5    #####..

Your spell library contained the following spells:

 Spells                   Type           Power        Failure   Level  Hunger
 Inner Flame              Hex/Fire       ###.....     5%          3    ##.....
 Sticky Flame             Conj/Fire      #####...     5%          4    ####...
 Dazzling Spray           Conj/Hex       ###...       9%          3    ##.....
 Corona                   Hex            #......      10%         1    None
 Ensorcelled Hibernation  Hex/Ice        #.....       14%         2    None
 Confuse                  Hex            #.......     28%         3    ##.....
 Tukima's Dance           Hex            #.......     28%         3    ##.....


Dungeon Overview and Level Annotations

Branches:
Dungeon (8/15)             Temple (1/1) D:5
   Lair: D:8-11

Altars:
Ashenzari
Cheibriados
Dithmenos
Elyvilon
Fedhas
Gozag
Hepliaklqana
Kikubaaqudgha
Makhleb
Nemelex Xobeh
Okawaru
Qazlal
Ru
Trog
Uskayaw
Vehumet
Wu Jian
Xom
Yredelemnul
Zin
The Shining One

Shops:
D:4 :

Annotations:
D:8 Grum


Innate Abilities, Weirdness & Mutations

You can breathe blasts of fire.
Your fiery red scales are hard. (AC +7)
You cannot fit into any form of body armour.
Your flesh is heat resistant. (rF+)
You are cold-blooded and may be slowed by cold attacks.


Message History

The wolf bites the bush but does no damage.
The wolf bites you but does no damage.
The wolf bites the bush.
Casting: Flame Tongue (safe; 1% risk of failure)
Confirm with . or Enter, or press ? or * to list all spells.
Aiming: Flame Tongue (safe; 1% risk of failure)
Press: ? - help, Shift-Dir - straight line, f/p - wolf
Aim: a wolf (heavily wounded)
The flame tongue misses the wolf.
The wolf bites you!
* * * LOW HITPOINT WARNING * * *
The wolf bites the bush but does no damage.
Casting: Flame Tongue (safe; 1% risk of failure)
Confirm with . or Enter, or press ? or * to list all spells.
Aiming: Flame Tongue (safe; 1% risk of failure)
Press: ? - help, Shift-Dir - straight line, f/p - wolf
Aim: a wolf (heavily wounded)
The flame tongue hits the wolf.
The wolf is almost dead.
The wolf bites you but does no damage.
The wolf bites the bush.
The wolf bites you.
You die...

# ######## # #
#......######### #.
###..#.......... #..
##..#######.#.
#.#######....####....
#....g..#..#..#......
#.OPPP.P##.)..).#..## #
#..P@P.P##.....##..#
#.###.PPhPP#..#.#.....#
######.....PPPP..........#.#
#...# ##....PPh..##........##
#...# #........#..........##
#...# #....g####.........#..
#.(.####....................#
#......#.....###.............
#.....(......#..............#


You could see a two-headed ogre, Grum and 2 wolves.

Vanquished Creatures
  Prince Ribbit (D:7)
  2 black bears
  An ice beast (D:6)
  2 orc warriors
  A sky beast (D:6)
  2 ogres
  2 wolves (D:8)
  2 centaurs
  A phantom (D:5)
  4 bullfrogs
  A wyvern zombie (D:7)
  A scorpion (D:6)
  3 wights
  2 crimson imps (D:5)
  A quasit (D:7)
  2 jellies (D:6)
  4 hounds
  2 orc priests
  A bullfrog skeleton (D:4)
  Crazy Yiuf (D:2)
  A gnoll shaman (D:5)
  2 iguanas
  4 orc wizards
  Natasha (thrice) (D:2 D:4)
  3 worker ants
  A killer bee zombie (D:6)
  A hound skeleton (D:4)
  A worker ant zombie (D:6)
  4 gnolls (D:5)
  11 adders
  An adder zombie (D:7)
  2 worms (D:3)
  A leopard gecko (D:3)
  14 orcs
  4 bats
  9 giant cockroaches
  6 goblins
  8 hobgoblins
  6 jackals
  A quokka (D:3)
  4 frilled lizards
  7 kobolds
  A leopard gecko skeleton (D:6)
  A leopard gecko zombie (D:8)
  3 rats
135 creatures vanquished.

Vanquished Creatures (others)
  A wizard (D:7)
1 creature vanquished.

Grand Total: 136 creatures vanquished

Notes
Turn   | Place    | Note
-------+----------+-------------------------------------------
     0 | D:1      | Tiagovsky the Draconian Fire Elementalist began the quest
                  | for the Orb.
     0 | D:1      | Reached XP level 1. HP: 14/14 MP: 3/3
   441 | D:1      | Reached XP level 2. HP: 22/22 MP: 3/5
   750 | D:1      | Reached skill level 1 in Fighting
  1370 | D:2      | Reached XP level 3. HP: 28/28 MP: 3/6
  1749 | D:2      | Found a glowing silver altar of Zin.
  1800 | D:2      | Found a white marble altar of Elyvilon.
  1916 | D:2      | Reached XP level 4. HP: 36/36 MP: 5/7
  1989 | D:2      | Found a runed door.
  2044 | D:2      | Noticed Natasha
  2051 | D:2      | Killed Natasha
  2217 | D:2      | Noticed Crazy Yiuf
  2221 | D:2      | Killed Crazy Yiuf
  2359 | D:2      | Learned a level 2 spell: Throw Flame
  2435 | D:3      | Learned a level 3 spell: Conjure Flame
  2618 | D:3      | Reached XP level 5. HP: 41/41 MP: 4/9
  3388 | D:4      | Noticed Natasha
  3518 | D:4      | Killed Natasha
  3518 | D:4      | Reached skill level 1 in Staves
  3518 | D:4      | Reached skill level 4 in Fire Magic
  3579 | D:4      | Found Maruxyr's Book Boutique.
  3594 | D:4      | Found a sparkling altar of Nemelex Xobeh.
  3658 | D:4      | Noticed Natasha
  3673 | D:4      | Found a snail-covered altar of Cheibriados.
  3801 | D:4      | Reached XP level 6. HP: 47/50 MP: 10/10
  3828 | D:4      | Killed Natasha
  4030 | D:4      | Found a burning altar of Makhleb.
  4141 | D:5      | Entered Level 5 of the Dungeon
  4533 | D:5      | Your scales start taking on a fiery red colour.
  4533 | D:5      | Reached skill level 5 in Fire Magic
  4533 | D:5      | Reached XP level 7. HP: 51/57 MP: 12/12
  4533 | D:5      | Gained mutation: Your flesh is heat resistant. (rF+) [Red
                  | Draconian growth]
  5219 | D:5      | Reached skill level 6 in Fire Magic
  5434 | D:5      | Found a staircase to the Ecumenical Temple.
  5443 | Temple   | Entered the Ecumenical Temple
  5916 | D:6      | Reached XP level 8. HP: 61/67 MP: 14/14
  6133 | D:5      | HP: 1/67 [orc warrior/battleaxe (8)]
  6753 | D:6      | Reached skill level 5 in Fighting
  7089 | D:6      | Reached skill level 5 in Conjurations
  7089 | D:6      | Reached skill level 7 in Fire Magic
  7509 | D:6      | Got a smoking steel ring
  7512 | D:6      | Identified the ring of Rukesch {rElec rF- Str+4 Int+5
                  | Stlth+} (You found it on level 6 of the Dungeon)
  7825 | D:7      | Found a stormy altar of Qazlal.
  7880 | D:7      | Found a white marble altar of Elyvilon.
  7882 | D:7      | Found a bloodstained altar of Trog.
  7915 | D:7      | Noticed Prince Ribbit
  7935 | D:7      | Killed Prince Ribbit
  7935 | D:7      | Reached skill level 5 in Staves
  7935 | D:7      | Reached XP level 9. HP: 75/75 MP: 15/15
  8234 | D:7      | Noticed a wizard
  8238 | D:7      | Killed a wizard
  8390 | D:7      | Reached skill level 8 in Fire Magic
  8398 | D:7      | Learned a level 5 spell: Fireball
  8568 | D:8      | Found a blossoming altar of Fedhas.
  8582 | D:8      | Noticed a two-headed ogre
  9550 | D:8      | Noticed Grum
  9577 | D:8      | HP: 3/78 [wolf[Grum] (9)]
  9578 | D:8      | Slain by a wolf

Skill      XL: |  1  2  3  4  5  6  7  8  9 |
---------------+----------------------------+-----
Fighting       | 1 2 3 4 6 |  6.8
Conjurations   | 2 3 4 5 6 |  6.3
Spellcasting   | 3 4 |  4.4
Staves         | 1 2 3 5 |  5.7
Fire Magic     | 4 5 6 7 8 |  8.0
Dodging        | |  1.7
Stealth        | |  1.7

Action                   |  1- 3 |  4- 6 |  7- 9 || total
-------------------------+-------+-------+-------++-------
Melee: Unarmed           |    37 |       |       ||    37
       Tailslap          |     3 |     1 |     2 ||     6
       Dagger            |     3 |       |       ||     3
       Quarterstaff      |       |     7 |    19 ||    26
 Fire: Hunting sling     |       |    12 |     4 ||    16
Throw: Stone             |    34 |     3 |       ||    37
       Tomahawk          |       |    21 |     4 ||    25
 Cast: Flame Tongue      |    48 |    90 |   190 ||   328
       Throw Flame       |       |    27 |    55 ||    82
  Use: Scroll            |       |    13 |     6 ||    19
  Eat: Chunk             |     4 |     9 |     6 ||    19
       Ration            |       |       |     3 ||     3
Armor: Skin              |    19 |    10 |    88 ||   117
Dodge: Dodged            |    37 |    27 |   106 ||   170
